 Dungeon Sprint DCSS version 0.31-a0-851-g7ff8af7976 (webtiles) character file.

Game seed: 10966616513473869573

150 AiryTheDragon the Ruffian (level 5, -5/38 HPs)
             Began as a Draconian Shapeshifter on Oct 8, 2023.
             Slain by a manticore (9 damage)
             ... in the Dungeon (Sprint I: "Red Sonja").
             The game lasted 00:06:13 (291 turns).

AiryTheDragon the Ruffian (Draconian Shapeshifter)   Turns: 291, Time: 00:06:14

Health: -5/38      AC:  5    Str: 18    XL:     5   Next: 10%
Magic:  5/5        EV: 12    Int: 11    God:
Gold:   162        SH:  0    Dex: 10    Spells: 4/4 levels left

rFire   . . .        j - melded +0 club
rCold   . . .        (shield currently unavailable)
rNeg    . . .        (body armour unavailable)
rPois   .            (helmet restricted)
rElec   .            (no cloak)
rCorr   .            (no gloves)
SInv    .            (no boots)
Will    .....        (no amulet)
Stlth   +            (no ring)
HPRegen 0.26/turn    (no ring)
MPRegen 0.09/turn

%: no teleportation
@: flux-form, glowing
A: glow, contaminating, reduced hp, AC +5, unfitting armour, cold-blooded
a: Begin Untransformation


You were in the Dungeon.
You were something dangerously unstable.
You visited 1 branch You collected 162 gold pieces.

Inventory:

Hand Weapons
 d - a +0 scythe
 j - a +0 club (melded)
Talismans
 b - a beast talisman
 c - a flux talisman (active)
Wands
 a - a wand of flame (18)
 h - a wand of polymorph (6)
Scrolls
 i - a scroll of blinking
Potions
 e - a potion of heal wounds
 g - 2 potions of magic


   Skills:
 + Level 2.1 Fighting
 + Level 1.3 Maces & Flails
 + Level 3.6 Dodging
 + Level 6.4 Unarmed Combat
 * Level 3.6 Evocations
 + Level 6.4 Shapeshifting


You had 4 spell levels left.
You didn't know any spells.
Your spell library was empty.

Dungeon Overview and Level Annotations

Branches:
Dungeon (1/1)

Altars:
Makhleb
Xom
Jiyva
Lugonu


Innate Abilities, Weirdness & Mutations

You are something dangerously unstable.
You glow with magical radiation, making you easy to see and hit.
Foes you strike become dangerously contaminated with magical radiation.
Your maximum health is decreased, since you lack skill for your form.
You are incapable of wielding weapons or throwing items.
Your plain brown scales are hard. (AC +5)
You cannot fit into any form of body armour.
You are cold-blooded and may be slowed by cold attacks.


Message History

You open the door.
Found 108 gold pieces.
There is an open door here.
You now have 81 gold pieces (gained 27).
You now have 108 gold pieces (gained 27).
You now have 135 gold pieces (gained 27).
You now have 162 gold pieces (gained 27).
You start resting.
You are no longer corroded.
You start resting.
HP restored.
Which direction?
Which direction?
You open the door.
A slime creature comes into view.
Found four altars.
Aiming: Polymorph
Press: ? - help, Shift-Dir - straight line, f - slime creature
Aim: a slime creature (will become an alligator, a swamp worm, or a manticore, chance to affect: 40%)
The slime creature evaporates and reforms as a manticore!
Aiming: Polymorph
Press: ? - help, Shift-Dir - straight line, f/p - manticore
Aim: a manticore (will become an eye of devastation, a swamp dragon, or a floating eye, chance to affect: 40%)
Okay, then.
Aiming: Throw Flame
Press: ? - help, Shift-Dir - straight line, f/p - manticore
Aim: a manticore (83% to hit)
The puff of flame hits the manticore!
The manticore is lightly wounded.
The manticore flicks its tail.
The volley of spikes misses you. The manticore bites you!!
Ouch! That really hurt!
The manticore claws you. The manticore claws you!
* * * LOW HITPOINT WARNING * * *
There is an open door, spattered with blood here.
You hit the manticore but do no damage.
The manticore begins to glow.
The manticore is lightly wounded.
The manticore closely misses you. The manticore claws you!
You die...

###################
#<.#..').#..'..#__#
#..'[.#..'[.#..pH.+
#..#####'#####+#__#
#..# #..# ### #..#
#### #..# #⌠⌠# ####


You could see a manticore (contam).

Vanquished Creatures
  A swamp drake (D)
  A jelly (D)
  Ijyb (D)
3 creatures vanquished.

Notes
Turn   | Place    | Note
-------+----------+-------------------------------------------
     0 | D        | AiryTheDragon the Draconian Shapeshifter began the quest
                  | for the Orb.
     0 | D        | Reached XP level 1. HP: 16/16 MP: 1/1
     2 | D        | Noticed Ijyb
     9 | D        | Killed Ijyb
    10 | D        | Reached XP level 2. HP: 17/23 MP: 2/2
    50 | D        | Noticed an ogre
    51 | D        | an ogre changed into a swamp drake
    51 | D        | Noticed a swamp drake
    86 | D        | Killed a swamp drake
    87 | D        | Reached skill level 1 in Maces & Flails
    87 | D        | Reached XP level 3. HP: 22/29 MP: 3/3
    87 | D        | Reached XP level 4. HP: 27/36 MP: 4/4
   180 | D        | Noticed Sigmund
   184 | D        | Sigmund changed into Sigmund the jelly
   184 | D        | Noticed Sigmund
   189 | D        | Killed Sigmund the jelly
   190 | D        | Reached XP level 5. HP: 13/41 MP: 5/5
   287 | D        | Found a burning altar of Makhleb.
   287 | D        | Found a viscous altar of Jiyva.
   287 | D        | Found a shimmering altar of Xom.
   287 | D        | Found a corrupted altar of Lugonu.
   287 | D        | Noticed a slime creature
   288 | D        | a slime creature changed into a manticore
   288 | D        | Noticed a manticore
   291 | D        | Slain by a manticore

Illustrated notes

Levels and vault maps discovered:
D:        dungeon_sprint_1 [red_sonja_temple_1, red_sonja_temple_small_1]

Skill      XL: |  1  2 |
---------------+-------+-----
Dodging        | 2 3 |  3.6
Unarmed Combat | 4 6 |  6.4
Shapeshifting  | 4 6 |  6.4
Fighting       | 2 |  2.1
Maces & Flails | 1 |  1.3
Evocations     | 3 |  3.6

Action                     |  1- 3 |  4- 6 || total
---------------------------+-------+-------++-------
  Melee: Unarmed           |     6 |     7 ||    13
         Punch             |     1 |       ||     1
         Club              |    24 |       ||    24
         Tailslap          |     1 |       ||     1
  Evoke: Wand              |     3 |     4 ||     7
    Use: Potion            |     4 |       ||     4
 Armour: Skin              |    19 |     6 ||    25
  Dodge: Dodged            |     7 |     7 ||    14
   Form: Flux              |       |     1 ||     1

Table legend: (Time is in decaauts)
 A = Elapsed time spent in this place.
 B = Non-inter-level travel time spent in this place.
 C = Inter-level travel time spent in this place.
 D = Time resting spent in this place.
 E = Time spent auto-exploring this place.
 F = Levels seen in this place.
 G = Mean time per level.
                   A        B        C        D        E       F      G
               +--------+--------+--------+--------+--------+-----+--------+
         Total |    284 |    284 |      0 |    198 |      0 |   1 |  284.0 |
       Dungeon |    284 |    284 |      0 |    198 |      0 |   1 |  284.0 |
               +--------+--------+--------+--------+--------+-----+--------+

Top non-repeatable levels by time:
       D: 284 daAuts
